 Seeded DCSS version 0.29.1-1-gd02db6906a (webtiles) character file.

Game seed: 9708579739092153053 (custom seed)

20 GigaChad the Trooper (level 2, -5/28 HPs)
             Began as a Minotaur Fighter on Sept 15, 2022.
             Killed by divine providence
             ... invoked by an orc priest
              (13 damage)
             ... on level 3 of the Dungeon.
             The game lasted 00:01:04 (398 turns).

GigaChad the Trooper (Minotaur Fighter)              Turns: 398, Time: 00:01:05

Health: -5/28      AC: 11    Str: 22    XL:     2   Next: 58%
Magic:  1/1        EV:  6    Int:  5    God:
Gold:   26         SH:  4    Dex:  9    Spells: 1/1 levels left

rFire   . . .      SeeInvis .   e - +7 mace of the Maze {spect, rPois Will+ Str+2}
rCold   . . .      Faith    .   c - +0 buckler
rNeg    . . .      Spirit   .   g - +0 plate armour
rPois   +          Reflect  .   (helmet restricted)
rElec   .          Harm     .   (no cloak)
rCorr   .          Rampage  .   (no gloves)
Will    +....                   (no boots)
Stlth   ..........              (no amulet)
HPRegen 0.09/turn               (no ring)
MPRegen 0.07/turn               (no ring)

@: no status effects
A: horns 2, retaliatory headbutt
a: no special abilities


You were on level 3 of the Dungeon.
You visited 1 branch of the dungeon, and saw 3 of its levels.

You collected 26 gold pieces.

Inventory:

Hand Weapons
 a - a +0 long sword
 e - the +7 mace of the Maze (weapon) {spect, rPois Will+ Str+2}
   (You found it on level 2 of the Dungeon)

   When its wielder attacks, the weapon's spirit leaps out and strikes again.
   The spirit shares a part of any damage it takes with its wielder.
   Str:       It affects your strength (+2).
   rPois:     It protects you from poison.
   Will:      It increases your willpower.
Armour
 b - a +0 scale mail
 c - a +0 buckler (worn)
 g - a +0 plate armour (worn)
Scrolls
 f - a scroll of noise {unknown}
 i - a scroll of fear {unknown}
Potions
 d - a potion of might
 h - a potion of haste {unknown}


   Skills:
 + Level 4.4 Fighting
 - Level 2.5 Long Blades
 - Level 3.8 Armour
 - Level 3.8 Shields


You had one spell level left.
You didn't know any spells.
Your spell library contained the following spells:

 Spells                   Type           Power      Damage    Failure   Level
 Necrotise                Necr           0%         1d4       100%        1
 Vampiric Draining        Necr           0%         2d6       100%        3
 Agony                    Necr           0%         N/A       100%        5


Dungeon Overview and Level Annotations

Branches:
Dungeon (3/15)

Altars:


Innate Abilities, Weirdness & Mutations

You have a pair of horns on your head.
You reflexively headbutt those who attack you in melee.


Message History

Found 5 boomerangs.
There is a stone staircase leading down here.
A bat comes into view.
A bat is nearby!
The bat barely misses you. You furiously retaliate!
You headbutt the bat. You sock the bat!
You kill the bat!
You now have 26 gold pieces (gained 10).
You see here 5 boomerangs.
A hobgoblin comes into view.
The hobgoblin shouts!
The hobgoblin hits you.
The hobgoblin hits you but does no damage.
You barely miss the hobgoblin.
Your +7 mace of the Maze {spect, rPois Will+ Str+2} hits the hobgoblin!
You kill the hobgoblin!
Found a scroll labelled VAUGUBE COOBIPS.
Found a stone staircase leading down. 2 orcs come into view.
The orc shouts! x2
An orc priest comes into view. It is wielding a +2 whip of freezing.
The orc priest shouts!
An orc comes into view. It is wielding a +1 vorpal falchion.
The orc shouts!
You sock the orc!
You kill the orc!
The orc priest hits you but does no damage.
The orc priest calls down the wrath of Beogh upon you.
Beogh smites you! The orc barely misses you.
You thump the orc!
You kill the orc!
The orc priest mumbles some strange prayers to Beogh against you.
Beogh smites you!
* * * LOW HITPOINT WARNING * * *
You closely miss the orc.
Your +7 mace of the Maze {spect, rPois Will+ Str+2} hits the orc!
You kill the orc!
The orc priest mumbles some strange prayers to Beogh against you.
Beogh smites you!
You die...

# ## ###### #. ....###
###.. # #..... .. .. ..
##.#.# .# ..
#..#####....# #.###.
......o(.#..######...###
#>..)@.............# #
#.###...............#
#?####.#####.#### #.
#..# #.# # #. ##.# #.# #
#. .# #(# #### ## .# #.#
#... .# #.# #.## .# #.#
#.##


You could see an orc priest and a friendly +7 mace of the Maze {spect, rPois
Will+ Str+2} (summoned).

Vanquished Creatures
  A worm (D:3)
  3 orcs (D:3)
  A bat (D:3)
  2 hobgoblins
  4 jackals (D:2)
  A frilled lizard (D:3)
  3 kobolds
15 creatures vanquished.

Notes
Turn   | Place    | Note
-------+----------+-------------------------------------------
     0 | D:1      | GigaChad the Minotaur Fighter began the quest for the Orb.
     0 | D:1      | Reached XP level 1. HP: 19/19 MP: 0/0
   104 | D:2      | Identified the +7 mace of the Maze {spect, rPois Will+
                  | Str+2}
   272 | D:3      | Reached XP level 2. HP: 27/27 MP: 1/1
   325 | D:3      | Reached skill level 4 in Fighting
   398 | D:3      | Killed from afar by an orc priest

Illustrated notes

Levels and vault maps discovered:
D:1:      matt_arrival_spirals, layout_loops_ring,
          chequers_ecumenical_altar_island, chequers_serial_rivers_room_b,
          minmay_misc_feat_nine_boxes
D:2:      layout_basic, chequers_serial_rivers_small_3
D:3:      layout_loops_ring

Skill      XL: |  1  2 |
---------------+-------+-----
Fighting       | 4 |  4.4
Long Blades    | |  2.5
Armour         | |  3.8
Shields        | |  3.8

Action                   || total
-------------------------++-------
Melee: Long sword        ||    16
       Mace              ||    13
       Headbutt          ||     1
Armor: Scale mail        ||    13
       Plate armour      ||     5
Dodge: Dodged            ||    10
Block: Buckler           ||     6
